 Dungeon Crawl Stone Soup version 0.29.0-4-gdea44cf6ec (webtiles) character file.

Game seed: 424067683608503645

747 Arum the Twirler (level 8, -1/84 HPs)
             Began as a Formicid Fighter on Aug 27, 2022.
             Was a Priest of Hepliaklqana.
             Succumbed to a gnoll's poison
             ... on level 6 of the Dungeon.
             The game lasted 00:06:48 (4403 turns).

Arum the Twirler (Formicid Fighter)                 Turns: 4403, Time: 00:06:49

Health: -1/84      AC: 24    Str: 23    XL:     8   Next: 6%
Magic:  8/8        EV:  2    Int:  8    God:    Hepliaklqana [***...]
Gold:   16         SH:  5    Dex: 13    Spells: 7/7 levels left

rFire   + . .      SeeInvis .   j - +3 quarterstaff (chaos)
rCold   . . .      Faith    .   c - +0 buckler
rNeg    . . .      Spirit   .   (body armour currently unavailable)
rPois   +          Reflect  .   (helmet unavailable)
rElec   .          Harm     .   (cloak currently unavailable)
rCorr   .          Rampage  .   (gloves currently unavailable)
Will    .....                   (boots currently unavailable)
Stlth   +.........              (no amulet)
HPRegen 0.24/turn               m - ring of protection from fire
MPRegen 0.11/turn               k - +4 ring of slaying

@: lethally poisoned (-1 -> -6), tree-form, attractive
A: stationary, stasis, torment immunity, boosted hp, reduced essence, permanent
stasis, dig shafts and tunnels, (antennae 3), four strong arms
a: Renounce Religion, Recall Ancestor, Ancestor Identity, Transference


You were on level 6 of the Dungeon.
You worshipped Hepliaklqana.
Hepliaklqana was most pleased with you.
You were a tree.
You visited 1 branch of the dungeon, and saw 6 of its levels.

You collected 184 gold pieces.
You spent 168 gold pieces at shops.

Inventory:

Hand Weapons
 a - a +0 quarterstaff
 j - a +3 quarterstaff of chaos (weapon)
Armour
 b - a +1 scale mail (melded)
 c - a +0 buckler (worn)
 u - a +0 cloak (melded)
Jewellery
 k - a +4 ring of slaying (right branch)
 m - a ring of protection from fire (left branch)
Wands
 n - a wand of polymorph (10)
 p - a wand of flame (12)
 w - a wand of roots (8)
Scrolls
 s - 4 scrolls of amnesia
Potions
 d - a potion of might
 g - 3 potions of flight
 i - 2 potions of lignification
 l - 2 potions of brilliance
 o - 2 potions of ambrosia {unknown}
 q - 3 potions of invisibility
 r - a potion of mutation
 x - a potion of curing {unknown}


   Skills:
 + Level 5.5 Fighting
 + Level 5.6 Staves
 + Level 5.6 Armour
 - Level 0.6 Dodging
 - Level 0.4 Stealth
 - Level 5.0 Shields


You had 7 spell levels left.
You didn't know any spells.
Your spell library contained the following spells:

 Spells                   Type           Power      Damage    Failure   Level
 Dispersal                Tloc           0%         N/A       100%        6
 Disjunction              Tloc           0%         N/A       100%        8


Dungeon Overview and Level Annotations

Branches:
Dungeon (6/15)             Temple (0/1) D:5

Altars:
Hepliaklqana

Shops:
D:5 *


Innate Abilities, Weirdness & Mutations

You are a tree.
Your roots penetrate the ground, keeping you stationary.
You cannot be teleported.
You are immune to unholy pain and torment.
Your maximum health is greatly increased.
Your equipment is partially melded.
Your life essence is reduced to manifest your ancestor. (-10% HP)
You cannot be hasted, slowed, berserked, paralysed or teleported.
You can dig through walls and to a lower floor.
((You have a pair of large antennae on your head. (SInv)))
Your four strong arms can wield two-handed weapons with a shield.


Message History

You see here a +0 spear.
You hit the gnoll sergeant but do no damage.
The gnoll sergeant appears confused.
The gnoll sergeant is lightly wounded.
You hear the slow hiss of an avalanche of sand nearby.
The gnoll sergeant hits you with a +3 spear of freezing!
* * * LOW HITPOINT WARNING * * *
The gnoll sergeant freezes you.
* * * LOW HITPOINT WARNING * * *
You catch the helpless gnoll sergeant completely off-guard!
You sock the gnoll sergeant!
The gnoll sergeant resists with some effort.
The gnoll sergeant is severely wounded.
The gnoll sergeant hits you but does no damage.
You catch the helpless gnoll sergeant completely off-guard!
You bludgeon the gnoll sergeant!!
You kill the gnoll sergeant!
You have reached level 8!
You feel stronger. The gnoll attacks as you move away!
The gnoll hits you with a +2 whip of venom.
* * * LOW HITPOINT WARNING * * *
You are lethally poisoned!
* * * LOW HITPOINT WARNING * * *
You feel very sick.
The gnoll closely misses Bahamut.
You see here a +0 club.
Really quaff the potion of lignification?
You turn into a tree.
Your +0 cloak melds into your body.
Your +1 scale mail melds into your body.
Your roots penetrate the ground.
* * * LOW HITPOINT WARNING * * *
You feel sick.
Bahamut hits the gnoll with a +0 dagger of draining.
Bahamut drains the gnoll.
Bahamut hits the gnoll with a +0 dagger of draining.
The gnoll hits Bahamut with a +2 whip of venom.
It was a potion of attraction.
You feel attractive to monsters.
You die...

#...# #...# {
#...##### #........
######...##...
.#.#.###.............
.....ggR...........(.
##.#.###♣............
######........
#...##... #...# #
#...# #...#
#############.####
#.........>......#
#.###.........##.#


You could see the friendly Bahamut the hexer and 2 gnolls.

Vanquished Creatures
  A black bear (D:6)
  A gnoll sergeant (D:6)
  A scorpion (D:3)
  A hound (D:4)
  A jelly (D:5)
  Crazy Yiuf (D:4)
  Natasha (D:4)
  An iguana (D:5)
  2 orc wizards (D:5)
  Robin (D:2)
  3 gnolls
  4 adders
  A shadow imp (D:5)
  An ufetubus (D:5)
  A worm (D:4)
  2 dart slugs
  6 orcs
  4 ball pythons
  4 endoplasms
  A giant cockroach (D:1)
  12 hobgoblins
  A jackal (D:4)
  3 kobolds
  6 bats
  A frilled lizard (D:1)
  11 goblins
  4 rats
76 creatures vanquished.

Vanquished Creatures (collateral kills)
  A scorpion (D:5)
  An orc priest (D:5)
  An iguana (D:5)
  Natasha (D:4)
  2 gnolls
  An adder (D:2)
  A worm (D:4)
  A dart slug (D:4)
  An orc (D:5)
  A bat (D:2)
  An endoplasm (D:4)
  2 hobgoblins
  A jackal (D:4)
  2 goblins
  2 kobolds
19 creatures vanquished.

Vanquished Creatures (others)
  An ancestor (D:2)
1 creature vanquished.

Grand Total: 96 creatures vanquished

Notes
Turn   | Place    | Note
-------+----------+-------------------------------------------
     0 | D:1      | Arum the Formicid Fighter began the quest for the Orb.
     0 | D:1      | Reached XP level 1. HP: 18/18 MP: 1/1
   212 | D:1      | Reached XP level 2. HP: 23/24 MP: 2/2
   534 | D:1      | Found a faded altar of an unknown god.
   912 | D:1      | Prayed at the altar of an unknown god.
   912 | D:1      | Became a worshipper of Hepliaklqana the Forgotten
   912 | D:1      | Reached * piety under Hepliaklqana
   960 | D:2      | Reached XP level 3. HP: 27/27 MP: 3/3
  1073 | D:2      | Noticed Robin
  1114 | D:2      | Killed Robin
  1115 | D:2      | Reached XP level 4. HP: 18/31 MP: 4/4
  1927 | D:3      | Reached ** piety under Hepliaklqana
  1928 | D:3      | Remembered your ancestor Bahamut as a hexer
  2028 | D:3      | Noticed a scorpion
  2037 | D:3      | Killed a scorpion
  2038 | D:3      | Reached XP level 5. HP: 31/37 MP: 5/5
  2848 | D:4      | Reached XP level 6. HP: 43/43 MP: 6/6
  2851 | D:4      | Noticed Natasha
  2869 | D:4      | Killed Natasha
  3026 | D:4      | Noticed Natasha
  3033 | D:4      | Killed Natasha
  3114 | D:4      | Found a runed translucent door.
  3115 | D:4      | Noticed Crazy Yiuf
  3127 | D:4      | Killed Crazy Yiuf
  3543 | D:5      | Entered Level 5 of the Dungeon
  3547 | D:5      | Reached XP level 7. HP: 49/49 MP: 7/7
  3568 | D:5      | Reached skill level 5 in Shields
  3649 | D:5      | Reached *** piety under Hepliaklqana
  3686 | D:5      | Reached skill level 5 in Staves
  3691 | D:5      | Reached skill level 5 in Armour
  3895 | D:5      | Reached skill level 5 in Fighting
  3939 | D:5      | Found a staircase to the Ecumenical Temple.
  4101 | D:5      | Found Mapien's General Store.
  4107 | D:5      | Bought a scroll of amnesia for 56 gold pieces
  4107 | D:5      | Bought a potion of invisibility for 112 gold pieces
  4401 | D:6      | Reached XP level 8. HP: 7/56 MP: 8/8
  4401 | D:6      | HP: 1/56 [poisoned by a gnoll]
  4403 | D:6      | Succumbed to a gnoll's poison

Illustrated notes

Levels and vault maps discovered:
D:1:      spicycebolla_arrival_xxxplode, layout_basic,
          shapermc_ecumenical_altar_petra
D:2:      layout_rooms, minmay_misc_feat_five, uniq_robin
D:3:      layout_loops_corners, ebering_dispersal_statue_hall,
          minmay_fractal_squares_5
D:4:      layout_cave_pools, corexii_shack, uniq_crazy_yiuf_cottage,
          uniq_natasha
D:5:      layout_gridville, minmay_temple_entry_antechambers, serial_demonic,
          serial_demonic_e, serial_demonic_b, serial_demonic_f,
          serial_demonic_d, serial_shops, nicolae_shop_stone,
          chequers_serial_rivers_large_a, minmay_splitting_lines
D:6:      cheibrodos_iron_armory, layout_loops_cross,
          nicolae_ossuary_entry_catacombs, ebering_ghost_disaster_area

Skill      XL: |  1  2  3  4  5  6  7 |
---------------+----------------------+-----
Fighting       | 4 5 |  5.5
Armour         | 4 5 |  5.6
Staves         | 3 4 5 |  5.6
Shields        | 5 |  5.0
Dodging        | |  0.6
Stealth        | |  0.4

Action                   |  1- 3 |  4- 6 |  7- 9 || total
-------------------------+-------+-------+-------++-------
Melee: Quarterstaff      |    69 |   127 |    28 ||   224
Invok: Ancestor Life: He |       |     1 |       ||     1
       Ancestor Identity |       |     1 |       ||     1
 Abil: Dig               |     1 |       |       ||     1
  Use: Scroll            |       |     4 |     8 ||    12
       Potion            |       |       |     2 ||     2
 Stab: Confused          |       |       |     3 ||     3
Armor: Scale mail        |    32 |    42 |    20 ||    94
Dodge: Dodged            |    26 |    46 |    12 ||    84
Block: Buckler           |    15 |    32 |     5 ||    52
